 Dungeon Crawl Stone Soup version 0.22.0 (webtiles) character file.

18 letownia2 the Insei (level 2, 0/21 HPs)
             Began as a Demonspawn Transmuter on Aug 11, 2018.
             Slain by a goblin
             ... wielding a +0 club
              (2 damage)
             ... on level 2 of the Dungeon.
             The game lasted 00:02:07 (380 turns).

letownia2 the Insei (Demonspawn Transmuter)          Turns: 380, Time: 00:02:08

Health: 0/21       AC:  4    Str: 10    XL:     2   Next: 48%
Magic:  0/5        EV: 11    Int: 14    God:
Gold:   40         SH:  0    Dex: 13    Spells: 2/5 levels left

rFire    + . .     SeeInvis .     - Unarmed
rCold    . . .     Gourm    .   (no shield)
rNeg     . . .     Faith    .   i - +0 leather armour
rPois    .         Spirit   .   (no helmet)
rElec    .         Reflect  .   e - +0 cloak (curse)
rCorr    .         Harm     .   (no gloves)
MR       .....                  (no boots)
Stlth    +.........             (no amulet)
HPRegen  0.07/turn              (no ring)
MPRegen  0.09/turn              (no ring)

@: appendage (expiring), very slightly contaminated
A: horns 2, fire resistance 1
a: End Transformation


You were on level 2 of the Dungeon.
You were not hungry.
You had grown temporary horns.
You visited 1 branch of the dungeon, and saw 3 of its levels.

You collected 40 gold pieces.

Inventory:

Missiles
 a - 11 arrows
Armour
 b - a +0 robe
 e - a cursed +0 cloak (worn)
 g - a +1 chain mail of poison resistance
 i - a +0 leather armour (worn)
Scrolls
 f - a scroll of noise {unknown}
 h - a scroll of identify {unknown}
Potions
 c - a potion of might {unknown}
Comestibles
 d - 4 rations


   Skills:
 - Level 1.0 Fighting
 - Level 1.7 Dodging
 + Level 3.5 Unarmed Combat
 - Level 2.0 Spellcasting
 - Level 1.7 Transmutations


You had 2 spell levels left.
You knew the following spells:

 Your Spells              Type           Power        Failure   Level  Hunger
a - Beastly Appendage     Tmut           #.....       16%         1    ##.....
l - Sticks to Snakes      Tmut           #.......     24%         2    ###....

Your spell library contained the following spells:

 Spells                   Type           Power        Failure   Level  Hunger
 Spider Form              Tmut/Pois      #.........   56%         3    ####...
 Blade Hands              Tmut           #.........   99%         5    ######.
 Ice Form                 Ice/Tmut       #.......     92%         4    #####..


Dungeon Overview and Level Annotations

Branches:
Dungeon (3/15)

Altars:
Elyvilon
Trog

Annotations:
D:2 Terence


Innate Abilities, Weirdness & Mutations

Your flesh is heat resistant. (rF+)
You have a pair of horns on your head.


Message History

You closely miss the rat.
The hobgoblin shouts!
The rat misses you.
You hit the rat.
You kill the rat!
Unknown command.
Unknown command.
The ooze completely misses you.
You see here a rat corpse.
You hit the ooze but do no damage. You headbutt the ooze!
The ooze is severely wounded.
The ooze completely misses you. Terence closely misses you.
You hit the ooze but do no damage.
The ooze is severely wounded.
Your transformation is almost over.
The ooze hits you.
* * * LOW HITPOINT WARNING * * *
Terence looks scornfully at you. Terence closely misses you.
The goblin hits you with a club.
You die...

#..........# #..........#
#..........#
#######..........#
#................# .
#..........†......# ...
#...............#.#
.....####.#..............
.....g.@@J.#..........##.
#########g.#..........#
#..#..........#
#.............#
#......#####...
#............
###....._.....
######.......8..###..
............._.......


You could see Terence, an ooze, a hobgoblin and a goblin.

Vanquished Creatures
  A dart slug (D:1)
  A leopard gecko (D:2)
  A giant cockroach (D:2)
  A hobgoblin (D:2)
  2 kobolds (D:1)
  A quokka (D:2)
  2 bats (D:2)
  3 goblins
  2 rats (D:2)
14 creatures vanquished.

Vanquished Creatures (collateral kills)
  A frilled lizard (D:2)
1 creature vanquished.

Grand Total: 15 creatures vanquished

Notes
Turn   | Place    | Note
-------+----------+-------------------------------------------
     0 | D:1      | letownia2 the Demonspawn Transmuter began the quest for the Orb.
     0 | D:1      | Reached XP level 1. HP: 15/15 MP: 3/3
    62 | D:1      | Reached skill level 3 in Unarmed Combat
   245 | D:2      | Gained mutation: Your flesh is heat resistant. (rF+) [demonic ancestry]
   245 | D:2      | Reached XP level 2. HP: 21/21 MP: 5/5
   292 | D:2      | Learned a level 2 spell: Sticks to Snakes
   336 | D:2      | Found a bloodstained altar of Trog.
   337 | D:2      | Found a white marble altar of Elyvilon.
   372 | D:2      | Noticed Terence
   380 | D:2      | Slain by a goblin

Skill      XL: |  1 |
---------------+----+-----
Unarmed Combat | 3 |  3.5
Fighting       | |  1.0
Dodging        | |  1.7
Spellcasting   | |  2.0
Transmutations | |  1.7

Action                   || total
-------------------------++-------
Melee: Unarmed           ||    46
       Kick              ||     5
       Headbutt          ||     1
       Punch             ||     1
 Cast: Beastly Appendage ||     9
       Sticks to Snakes  ||     1
Armor: Chain mail        ||     7
       Robe              ||     3
       Leather armour    ||    13
Dodge: Dodged            ||    22
